 Dungeon Crawl Stone Soup version 0.21.0-24-g2553a33 (webtiles) character file.

43333 Diojeanne the Severer (level 13, -1/124 HPs)
             Began as a Minotaur Berserker on Jan 20, 2018.
             Was a High Priest of Trog.
             Killed from afar by a lindwurm (31 damage)
             ... with a blast of flame
             ... in a volcano on Jan 21, 2018.
             The game lasted 01:27:18 (16463 turns).

Diojeanne the Severer (Minotaur Berserker)         Turns: 16463, Time: 01:27:18

Health: -1/124     AC: 23    Str: 29    XL:     13   Next: 90%
Magic:  12/12      EV:  8    Int:  4    God:    Trog [*****.]
Gold:   1034       SH: 12    Dex: 15    Spells: 12/12 levels left

rFire    . . .     SeeInvis .   b - +5 war axe (chop)
rCold    + . .     Gourm    .   U - +1 shield {rC+}
rNeg     . . .     Faith    .   w - +3 plate armour
rPois    .         Spirit   .   (helmet restricted)
rElec    .         Reflect  .   o - +0 cloak
rCorr    .         Harm     +   (no gloves)
MR       ++...                  B - +0 pair of boots
Stlth    ..........             k - amulet of harm
HPRegen  1.30/turn              M - +3 ring of dexterity
MPRegen  0.13/turn              T - +4 ring of strength

@: regenerating, studying Stealth
A: retaliatory headbutt, horns 2
a: Berserk, Trog's Hand, Brothers in Arms, Burn Spellbooks, Renounce Religion


You were in a volcano.
You worshipped Trog.
Trog was extremely pleased with you.
You were hungry.

You visited 2 branches of the dungeon, and saw 16 of its levels.
You also visited: Ice Cave and Volcano.

You collected 1139 gold pieces.
You spent 105 gold pieces at shops.

Inventory:

Hand Weapons
 a - the +9 hunting sling of the Lurker {velocity, rElec rN+ Dex+3 SInv}
   (You took it off a tengu warrior on level 11 of the Dungeon)

   Any stone fired from it inflicts extra damage.
   It affects your dexterity (+3).
   It insulates you from electricity.
   It protects you from negative energy.
   It lets you see invisible.
 b - a +5 war axe of chopping (weapon)
 R - a +2 battleaxe of freezing
 W - a +5 battleaxe of flaming
Missiles
 e - 8 needles of confusion
 h - 428 stones
 y - 104 sling bullets
 Q - 6 javelins of returning (quivered)
Armour
 o - a +0 cloak (worn)
 w - a +3 plate armour (worn)
 B - a +0 pair of boots (worn)
 U - a +1 shield of cold resistance (worn)
Jewellery
 k - an amulet of harm (around neck)
 M - a +3 ring of dexterity (left hand)
 T - a +4 ring of strength (right hand)
 Z - an uncursed ring of protection from cold
Wands
 l - a wand of iceblast (23)
 q - a wand of paralysis (24)
 I - a wand of polymorph (16)
 O - a wand of flame (38)
 P - a wand of random effects (40)
 X - a wand of clouds (6)
Scrolls
 g - 7 scrolls of amnesia
 i - 11 scrolls of remove curse
 j - 7 scrolls of identify
 r - 5 scrolls of immolation
 u - a scroll of fog
 x - a scroll of enchant weapon
 C - 4 scrolls of teleportation
 J - a scroll of silence {unknown}
 L - a scroll of summoning {unknown}
Potions
 d - 3 potions of flight
 f - 5 potions of curing
 m - 6 potions of heal wounds {unknown}
 n - 2 potions of brilliance {unknown}
 s - 2 potions of agility {unknown}
 t - 2 potions of might {unknown}
 v - a potion of berserk rage {unknown}
 z - 6 potions of lignification {unknown}
 E - a potion of haste {unknown}
 H - 4 potions of mutation {unknown}
 N - a potion of degeneration {unknown}
Books
 D - a book of Conjurations

   Spells                             Type                      Level
   a - Magic Dart                     Conjuration                  1
   b - Searing Ray                    Conjuration                  2
   c - Dazzling Spray                 Conjuration/Hexes            3
   d - Fulminant Prism                Conjuration/Hexes            4
   e - Force Lance                    Conjuration/Translocation    4
   f - Iskenderun's Mystic Blast      Conjuration                  4
   Trog disapproves of the use of such an item.
 F - a book of Necromancy

   Spells                             Type                      Level
   a - Pain                           Necromancy                   1
   b - Animate Skeleton               Necromancy                   1
   c - Vampiric Draining              Necromancy                   3
   d - Regeneration                   Charms/Necromancy            3
   e - Animate Dead                   Necromancy                   4
   f - Borgnjor's Vile Clutch         Necromancy/Earth             5
   Trog disapproves of the use of such an item.
 G - a book of Minor Magic

   Spells                             Type                      Level
   a - Magic Dart                     Conjuration                  1
   b - Blink                          Translocation                2
   c - Call Imp                       Summoning                    2
   d - Slow                           Hexes                        2
   e - Conjure Flame                  Conjuration/Fire             3
   f - Mephitic Cloud                 Conjuration/Poison/Air       3
   Trog disapproves of the use of such an item.
 K - a book of Ice

   Spells                             Type                      Level
   a - Ice Form                       Ice/Transmutation            4
   b - Metabolic Englaciation         Hexes/Ice                    5
   c - Ozocubu's Refrigeration        Ice                          6
   d - Bolt of Cold                   Conjuration/Ice              6
   e - Freezing Cloud                 Conjuration/Ice/Air          6
   f - Simulacrum                     Ice/Necromancy               6
   Trog disapproves of the use of such an item.
 V - a manual of Stealth
Miscellaneous
 p - a fan of gales
 A - a box of beasts
Comestibles
 c - 29 rations


   Skills:
 + Level 14.2 Fighting
 * Level 15.0 Axes
 + Level 9.9(10.0) Slings
 - Level 1.2(5.8) Throwing
 * Level 14.8 Armour
 - Level 4.0 Dodging
 + Level 6.0 Stealth
 - Level 4.0 Shields


You had 12 spell levels left.
You didn't know any spells.

Dungeon Overview and Level Annotations

Branches:
Dungeon (11/15)            Temple (0/1) D:4            Lair (5/6) D:11
 Shoals (0/4) Lair:2        Snake (0/4) Lair:4
  Slime: Lair:5-6       Orc: D:9-12

Altars:
Ashenzari
Elyvilon
Qazlal
Sif Muna
Wu Jian
Yredelemnul
Zin

Shops:
D:7 :?   D:8 }   D:11 *


Innate Abilities, Weirdness & Mutations

You reflexively headbutt those who attack you in melee.
You have a pair of horns on your head.


Message History

You headbutt the fire dragon, but do no damage.
The fire dragon is almost dead.
The fire dragon closely misses you. The fire dragon barely misses you.
You block the fire dragon's attack.
You hit the fire dragon but do no damage.
The fire dragon is almost dead.
You hit the fire dragon but do no damage.
You headbutt the fire dragon.
You kill the fire dragon!
Trog accepts your kill.
The fire dragon scales are intact enough to wear.
Your Stealth skill increases to level 6!
Your skin crawls.
You feel resistant to hostile enchantments.
You feel somewhat more hungry. You block the lindwurm's attack.
The lindwurm claws you but does no damage. x2
Your plate armour prevents you from hitting the lindwurm.
The lindwurm breathes flames at you. The blast of flame hits you!
You die...

#.# ##....##
#### #.# ######
##..####.#
##.##..#.##
#.###≈#.## # .
#.##8#####8#(§.≈
##.###.bDkb(S.≈(
#.##k####8#.S.≈
##.###@# # .
#.##..≈#
##..###8# ####
##


You could see a lindwurm.

Vanquished Creatures
  A frost giant (IceCv)
  The ghost of cageyblood the Basher, a journeyman GrFi of Hepliaklqana (Lair:2)
  A fire dragon (Volcano)
  6 hydras
  3 two-headed ogres
  2 tengu warriors (D:11)
  A death yak (IceCv)
  The ghost of Zados the Ruffian, a novice TrMo of Cheibriados (D:6)
  A swamp dragon (Lair:2)
  Pikel (D:5)
  3 wolf spiders
  An ugly thing (D:11)
  4 manticores (D:11)
  A cyclops (D:11)
  The ghost of Gryphonrising the Shield-Bearer, a novice GrFi of Trog (D:5)
  A spiny frog (Lair:1)
  A black mamba (Lair:4)
  2 ice statues
  A gargoyle (D:11)
  Psyche (D:8)
  3 rime drakes
  An ice devil (Lair:4)
  3 komodo dragons
  20 polar bears
  A troll (D:11)
  2 hippogriffs
  A spriggan (D:7)
  A shadow (D:11)
  2 wyverns (D:11)
  A vampire (D:11)
  28 yaks
  A wraith (D:11)
  11 fire bats (Volcano)
  4 basilisks
  Eustachio (D:5)
  A steam dragon (D:11)
  4 humans (D:8)
  A hungry ghost (D:11)
  Menkaure (D:7)
  An acid dragon (D:11)
  4 nagas (Lair:4)
  3 porcupines
  A hell hound (Volcano)
  10 water moccasins
  5 orc warriors
  A sky beast (D:10)
  A slave (D:4)
  4 ice beasts
  4 ogres
  11 crocodiles
  27 wolves
  3 centaurs
  A big kobold (D:9)
  15 bullfrogs
  A gnoll sergeant (D:9)
  2 wyvern skeletons
  5 scorpions
  A water moccasin skeleton (D:6)
  3 killer bees (D:9)
  10 wights
  6 howler monkeys
  2 electric eels (Lair:2)
  A bullfrog zombie (D:7)
  4 jellies
  2 lava snakes (Volcano)
  3 crimson imps
  6 hounds
  A quasit (D:8)
  9 orc priests
  4 centaur skeletons
  A gnoll shaman (D:6)
  3 iguanas
  10 orc wizards
  7 worker ants
  A hound zombie (D:9)
  Robin (D:3)
  A worker ant zombie (D:5)
  19 gnolls
  21 adders
  A howler monkey skeleton (D:11)
  5 shadow imps
  A white imp (Lair:4)
  3 oozes
  An adder zombie (D:5)
  2 adder skeletons
  2 dart slugs (D:1)
  6 leopard geckos
  43 orcs
  A ball python (D:2)
  5 giant cockroaches
  19 goblins
  7 hobgoblins
  16 jackals
  10 kobolds
  6 quokkas
  7 bats
  4 frilled lizards
  A leopard gecko skeleton (D:4)
  A leopard gecko zombie (D:5)
  A quokka skeleton (D:9)
  9 rats
  6 plants
493 creatures vanquished.

Vanquished Creatures (others)
  An orc wizard (D:5)
  3 fungi (Lair:1)
  2 plants (Lair:2)
6 creatures vanquished.

Grand Total: 499 creatures vanquished

Notes
Turn   | Place    | Note
-------+----------+-------------------------------------------
     0 | D:1      | Diojeanne the Minotaur Berserker began the quest for the Orb.
     0 | D:1      | Reached XP level 1. HP: 19/19 MP: 0/0
   205 | D:1      | Reached XP level 2. HP: 16/27 MP: 1/1
   817 | D:1      | Reached skill level 4 in Axes
  1056 | D:1      | Reached XP level 3. HP: 29/33 MP: 2/2
  1230 | D:2      | Reached ** piety under Trog
  1434 | D:2      | Reached skill level 1 in Throwing
  1607 | D:2      | Found an ornate altar of the Wu Jian Council.
  1768 | D:2      | Reached XP level 4. HP: 40/41 MP: 3/3
  1911 | D:3      | Noticed Robin
  1926 | D:3      | Killed Robin
  2378 | D:3      | Found a basalt altar of Yredelemnul.
  2835 | D:4      | Found a staircase to the Ecumenical Temple.
  2905 | D:4      | Reached XP level 5. HP: 47/47 MP: 4/4
  3052 | D:4      | Reached *** piety under Trog
  3054 | D:4      | Reached skill level 1 in Slings
  3153 | D:4      | Reached skill level 5 in Fighting
  3202 | D:4      | Reached skill level 5 in Axes
  3202 | D:4      | Reached XP level 6. HP: 56/56 MP: 5/5
  3551 | D:5      | Entered Level 5 of the Dungeon
  3688 | D:5      | Noticed Gryphonrising's ghost (novice GrFi)
  3695 | D:5      | Noticed a slave
  3695 | D:5      | Noticed a slave
  3695 | D:5      | Noticed a slave
  3696 | D:5      | Noticed a slave
  3698 | D:5      | Noticed Pikel
  3710 | D:4      | Reached skill level 5 in Armour
  3710 | D:4      | Killed a slave
  3894 | D:5      | Killed Pikel
  3894 | D:5      | Reached skill level 6 in Axes
  3894 | D:5      | Reached XP level 7. HP: 32/64 MP: 6/6
  3897 | D:5      | Killed Gryphonrising's ghost
  3897 | D:5      | Reached skill level 7 in Axes
  3897 | D:5      | Reached XP level 8. HP: 26/73 MP: 7/7
  4013 | D:5      | Identified the +2 robe "Hiutaje" {rC+ rCorr Int+6 Stlth-} (You took it off an orc on level 5 of the Dungeon)
  4335 | D:5      | Noticed Eustachio
  4389 | D:5      | Killed Eustachio
  4512 | D:6      | Noticed Zados's ghost (novice TrMo)
  4535 | D:6      | Killed Zados's ghost
  4535 | D:6      | Reached **** piety under Trog
  4535 | D:6      | Reached skill level 8 in Axes
  4535 | D:6      | Reached XP level 9. HP: 55/81 MP: 8/8
  4944 | D:6      | Reached skill level 1 in Shields
  5015 | D:6      | Found a shattered altar of Ashenzari.
  5015 | D:6      | Found a glowing silver altar of Zin.
  5017 | D:6      | Found a deep blue altar of Sif Muna.
  5062 | D:6      | Found a white marble altar of Elyvilon.
  5109 | D:6      | Received a gift from Trog
  5610 | D:7      | Found Reonuid's Magic Scroll Shop.
  5618 | D:7      | Bought a scroll of enchant weapon for 105 gold pieces
  5649 | D:7      | Found a stormy altar of Qazlal.
  5736 | D:7      | Reached ***** piety under Trog
  5751 | D:7      | Reached skill level 9 in Axes
  5813 | D:7      | Found a stormy altar of Qazlal.
  5881 | D:7      | Noticed Menkaure
  5885 | D:7      | Received a gift from Trog
  5888 | D:7      | Killed Menkaure
  5904 | D:7      | Reached skill level 5 in Slings
  5979 | D:7      | Found Vaufidan's Book Shoppe.
  6340 | D:8      | Found a white marble altar of Elyvilon.
  6482 | D:8      | Reached XP level 10. HP: 91/91 MP: 9/9
  6494 | D:8      | Found Xeaxtiy's Gadget Shoppe.
  6519 | D:8      | Found a runed door.
  6540 | D:8      | Found a runed door.
  6564 | D:8      | Found a runed door.
  6673 | D:8      | Noticed a two-headed ogre
  6676 | D:8      | Killed a two-headed ogre
  6737 | D:8      | Found a runed door.
  6743 | D:8      | Found a runed door.
  6749 | D:8      | Noticed Psyche
  6757 | D:8      | Reached skill level 10 in Fighting
  6760 | D:8      | Reached skill level 10 in Axes
  6773 | D:8      | Reached skill level 10 in Armour
  6811 | D:8      | Killed Psyche
  7078 | D:8      | Found a runed door.
  7090 | D:8      | Found a runed door.
  7149 | D:8      | Found a runed door.
  7149 | D:8      | Found a runed door.
  7346 | D:9      | Received a gift from Trog
  7966 | D:9      | Reached XP level 11. HP: 101/101 MP: 10/10
  8154 | D:10     | Entered Level 10 of the Dungeon
  8278 | D:10     | Reached skill level 11 in Axes
  8299 | D:10     | Noticed a two-headed ogre
  8304 | D:10     | Killed a two-headed ogre
  8513 | D:10     | Noticed a two-headed ogre
  8521 | D:10     | Killed a two-headed ogre
  9197 | D:11     | Received a gift from Trog
  9302 | D:11     | Noticed a white ugly thing
  9311 | D:11     | Killed a white ugly thing
  9517 | D:11     | Noticed an eight-headed hydra
  9525 | D:11     | Killed a six-headed hydra
  9766 | D:11     | Noticed a five-headed hydra
  9771 | D:11     | Killed a three-headed hydra
  9771 | D:11     | Reached skill level 12 in Axes
 10169 | D:11     | Noticed a tengu warrior
 10169 | D:11     | Noticed a wolf spider
 10172 | D:11     | Killed a wolf spider
 10176 | D:11     | Noticed a tengu warrior
 10179 | D:11     | Noticed a four-headed hydra
 10184 | D:11     | Killed a tengu warrior
 10184 | D:11     | Reached XP level 12. HP: 81/113 MP: 7/11
 10188 | D:11     | Killed a one-headed hydra
 10191 | D:11     | Killed a tengu warrior
 10457 | D:11     | Got an ivory hunting sling
 10479 | D:11     | Identified the +9 hunting sling of the Lurker {velocity, rElec rN+ Dex+3 SInv} (You took it off a tengu warrior on level 11 of the Dungeon)
 10597 | D:11     | Found a staircase to the Lair.
 10644 | D:11     | Found Ifaukkeb's Serpentskin Sales.
 10839 | Lair:1   | Entered Level 1 of the Lair of Beasts
 10927 | Lair:1   | Received a gift from Trog
 10927 | Lair:1   | Reached skill level 13 in Axes
 11290 | Lair:1   | Noticed a four-headed hydra
 11295 | Lair:1   | Killed a one-headed hydra
 11902 | Lair:2   | Noticed a six-headed hydra
 11905 | Lair:2   | Killed a four-headed hydra
 11905 | Lair:2   | Reached skill level 1 in Stealth
 11984 | Lair:2   | Found a frozen archway.
 11994 | Lair:2   | Found a staircase to the Shoals.
 12013 | IceCv    | Entered an ice cave
 12544 | IceCv    | Reached XP level 13. HP: 112/122 MP: 12/12
 12703 | IceCv    | Reached skill level 14 in Axes
 12935 | IceCv    | Noticed a frost giant
 12943 | IceCv    | Killed a frost giant
 13447 | Lair:2   | Received a gift from Trog
 13520 | Lair:2   | Noticed cageyblood's ghost (journeyman GrFi)
 13529 | Lair:2   | Killed cageyblood's ghost
 14434 | Lair:3   | Received a gift from Trog
 14786 | Lair:3   | Reached skill level 5 in Stealth
 15380 | Lair:4   | Found a staircase to the Snake Pit.
 15395 | Lair:4   | Received a gift from Trog
 16271 | Lair:5   | Found a dark tunnel.
 16297 | Volcano  | Entered a volcano
 16436 | Volcano  | Noticed a fire dragon
 16450 | Volcano  | Reached skill level 15 in Axes
 16461 | Volcano  | Killed a fire dragon
 16463 | Volcano  | Killed from afar by a lindwurm

Skill      XL: |  1  2  3  4  5  6  7  8  9 10 11 12 13 |
---------------+----------------------------------------+-----
Fighting       | 4 5 6 7 8 9 10 12 13 14 | 14.2
Axes           | 4 5 6 7 8 9 10 12 13 15 | 15.0
Armour         | 3 4 5 6 7 9 10 12 13 14 | 14.8
Throwing       | 1 |  1.2
Slings         | 1 2 3 4 5 6 7 9 |  9.9
Dodging        | 3 4 |  4.0
Shields        | 3 4 |  4.0
Stealth        | 3 6 |  6.0

Action                   |  1- 3 |  4- 6 |  7- 9 | 10-12 | 13-15 || total
-------------------------+-------+-------+-------+-------+-------++-------
Melee: Hand axe          |    72 |   141 |   101 |       |       ||   314
       Headbutt          |    15 |    17 |    35 |    47 |    22 ||   136
       Battleaxe         |       |       |   108 |   240 |    86 ||   434
       War axe           |       |       |       |       |    28 ||    28
 Fire: Hunting sling     |       |    80 |    10 |    68 |   174 ||   332
       Fustibalus        |       |       |    16 |   117 |       ||   133
Throw: Stone             |       |       |     1 |       |       ||     1
       Javelin           |       |       |       |       |     3 ||     3
Invok: Berserk           |       |     2 |     2 |     1 |     2 ||     7
       Trog's Hand       |       |     1 |       |       |     2 ||     3
  Use: Scroll            |       |     2 |     8 |     8 |     3 ||    21
       Potion            |       |       |       |       |     2 ||     2
  Eat: Chunk             |     3 |     8 |     7 |    14 |    10 ||    42
       Ration            |       |       |     1 |     2 |     1 ||     4
Armor: Animal skin       |    13 |       |       |       |       ||    13
       Plate armour      |     1 |   132 |   159 |   211 |   117 ||   620
Dodge: Dodged            |    47 |    57 |    93 |   125 |    81 ||   403
Block: Buckler           |       |       |    12 |       |       ||    12
       Shield            |       |       |       |       |    19 ||    19
